 Dungeon Crawl Stone Soup version 0.28.0-53-g5a82cb258f (webtiles) character file.

Game seed: 15434432270746550423

151102 Peloso the Fencer (level 17, -5/163 HPs)
             Began as a Minotaur Fighter on Aug 20, 2022.
             Was the Champion of Okawaru.
             Slain by a cyan ugly thing (13 damage)
             ... on level 15 of the Dungeon.
             The game lasted 01:16:05 (39560 turns).

Peloso the Fencer (Minotaur Fighter)               Turns: 39560, Time: 01:16:05

Health: -5/163     AC: 23    Str: 35    XL:     17   Next: 0%
Magic:  18/18      EV: 12    Int:  5    God:    Okawaru [******]
Gold:   1245       SH: 17    Dex: 18    Spells: 16/16 levels left

rFire   + + +      SeeInvis +   a - +10 scimitar "Buucoucu" {flame, Drain Fly rF+ rC+ Stlth+}
rCold   + + +      Faith    +   c - +2 shield of Resistance {rF++ rC++ Will++}
rNeg    . . .      Spirit   .   O - +3 chain mail {rF+}
rPois   .          Reflect  .   P - +1 hat
rElec   .          Harm     .   (no cloak)
rCorr   .          Rampage  .   n - +1 Delatra's gloves {ID++}
Will    +++..                   e - +0 pair of boots
Stlth   ..........              u - amulet of faith
HPRegen 0.37/turn               Q - ring of Zar Duywey {Str+4 SInv}
MPRegen 0.16/turn               t - ring of Agnosticism {rF+ Str+6 Dex+4 Slay+5}

@: flying
A: horns 2, retaliatory headbutt
a: Renounce Religion, Heroism, Finesse, Duel


You were on level 15 of the Dungeon.
You worshipped Okawaru.
Okawaru was exalted by your worship.
You visited 4 branches of the dungeon, and saw 24 of its levels.
You also visited: Gauntlet and Ice Cave.

You collected 2949 gold pieces.
You spent 1704 gold pieces at shops.

Inventory:

Hand Weapons
 a - the +10 scimitar "Buucoucu" (weapon) {flame, Drain Fly rF+ rC+ Stlth+}
   (Okawaru gifted it to you on level 15 of the Dungeon)

   It burns those it strikes, dealing additional fire damage.
   Big, fiery blades are also staple armaments of hydra-hunters.
   rF:        It protects you from fire.
   rC:        It protects you from cold.
   Fly:       It grants you flight.
   Drain:     It drains your maximum health when unequipped.
   Stlth:     It makes you more stealthy.
 b - a +3 scimitar of flaming
Armour
 c - the +2 shield of Resistance (worn) {rF++ rC++ Will++}
   (Okawaru gifted it to you on level 2 of the Orcish Mines)

   rF:        It greatly protects you from fire.
   rC:        It greatly protects you from cold.
   Will:      It greatly increases your willpower.
 e - a +0 pair of boots (worn)
 n - the +1 Delatra's gloves (worn) {ID++}
   (You found it on level 2 of the Dungeon)

   It heals its wearer when they drink unknown potions.
   It restores its wearer's MP when they read unknown scrolls.
 q - +0 fire dragon scales
 O - a +3 chain mail of fire resistance (worn)
 P - a +1 hat (worn)
Jewellery
 f - a ring of poison resistance
 r - an amulet of regeneration
 t - the ring of Agnosticism (right hand) {rF+ Str+6 Dex+4 Slay+5}
   (You bought it in a shop on level 14 of the Dungeon)

   [ring of protection from fire]

   Str:       It affects your strength (+6).
   Dex:       It affects your dexterity (+4).
   Slay:      It affects your accuracy & damage with ranged weapons and melee
   (+5).
   rF:        It protects you from fire.
 u - an amulet of faith (around neck)
 x - the ring "Nyces" {Fire MP-9 Int+5 SInv}
   (You found it in a Gauntlet)

   [ring of fire]

   It enhances your fire magic.
   Int:       It affects your intelligence (+5).
   rF:        It protects you from fire.
   rC:        It makes you vulnerable to cold.
   MP:        It affects your magic capacity (-9).
   SInv:      It lets you see invisible.
 y - a +4 ring of protection
 B - the brooch of Shielding {Spirit SH+8}
   (You found it in an ice cave)

   [amulet of guardian spirit]

   It causes incoming damage to be divided between your reserves of health and
   magic.
   SH:        It affects your SH (+8).
 N - a ring of flight
 Q - the ring of Zar Duywey (left hand) {Str+4 SInv}
   (You took it off a minotaur in a Gauntlet)

   [ring of see invisible]

   Str:       It affects your strength (+4).
   SInv:      It lets you see invisible.
Wands
 j - a wand of digging (5)
 v - a wand of flame (22)
Scrolls
 g - 14 scrolls of teleportation
 i - a scroll of magic mapping
 k - 4 scrolls of noise
 m - 7 scrolls of identify
 p - 2 scrolls of amnesia
 w - 2 scrolls of enchant weapon
 z - a scroll of acquirement
 A - 2 scrolls of blinking
 C - a scroll of silence
Potions
 d - 6 potions of might
 h - 2 potions of magic
 l - 6 potions of curing
 o - 3 potions of mutation
 s - a potion of flight
 D - a potion of resistance
 E - a potion of heal wounds {unknown}
 S - 2 potions of haste


   Skills:
 + Level 17.7 Fighting
 + Level 19.1 Long Blades
 + Level 0.6 Throwing
 + Level 17.9 Armour
 + Level 6.2 Dodging
 + Level 2.3 Stealth
 + Level 18.1 Shields
 + Level 3.9 Invocations
 + Level 3.2 Evocations


You had 16 spell levels left.
You didn't know any spells.
Your spell library contained the following spells:

 Spells                   Type           Power      Damage    Failure   Level
 Magic Dart               Conj           0%         1d3       90%         1
 Shock                    Conj/Air       0%         1d3       90%         1
 Slow                     Hex            0%         N/A       90%         1
 Ensorcelled Hibernation  Hex/Ice        0%         N/A       97%         2
 Passwall                 Tmut/Erth      0%         N/A       97%         2
 Sublimation of Blood     Necr           0%         N/A       97%         2
 Wereblood                Tmut           0%         N/A       97%         2
 Confusing Touch          Hex            0%         N/A       99%         3
 Gell's Gravitas          Tloc           0%         N/A       99%         3
 Lesser Beckoning         Tloc           0%         N/A       99%         3
 Mephitic Cloud           Conj/Pois/Air  0%         N/A       99%         3
 Portal Projectile        Hex/Tloc       0%         N/A       99%         3
 Swiftness                Air            0%         N/A       99%         3
 Teleport Other           Tloc           0%         N/A       99%         3
 Vampiric Draining        Necr           0%         2d6       99%         3
 Airstrike                Air            0%         N/A       100%        4
 Leda's Liquefaction      Hex/Erth       0%         N/A       100%        4
 Iskenderun's Battlesphe  Conj           0%         2d6       100%        5
 Iron Shot                Conj/Erth      0%         9d1       100%        6
 Call Imp                 Summ           Unusable   N/A       N/A         2
 Call Canine Familiar     Summ           Unusable   N/A       N/A         3
 Spellforged Servitor     Conj/Summ      Unusable   N/A       N/A         7
 Summon Hydra             Summ           Unusable   N/A       N/A         7

Dungeon Overview and Level Annotations

Branches:
Dungeon (15/15)            Temple (1/1) D:7            Lair (6/6) D:9
  Swamp (0/4) Lair:3        Snake (0/4) Lair:4        Slime (0/5) Lair:6
    Orc (2/2) D:11            Elf (0/3) Orc:2        Vaults (0/5) D:14
 Depths (0/4) D:15          IceCv (visited)         Gauntlet (visited)

Altars:
Ashenzari
Cheibriados
Dithmenos
Elyvilon
Fedhas
Gozag
Hepliaklqana
Makhleb
Nemelex Xobeh
Okawaru
Ru
Sif Muna
Trog
Uskayaw
Vehumet
Wu Jian
Xom
Zin
The Shining One
Jiyva

Shops:
D:2 ?   D:7 !*   D:14 (=?   Orc:2 =(([


Innate Abilities, Weirdness & Mutations

You have a pair of horns on your head.
You reflexively headbutt those who attack you in melee.


Message History

Your headbutt misses the white ugly thing.
The cyan ugly thing headbutts you but does no damage.
You block the cyan ugly thing's attack.
Unknown command.
You closely miss the white ugly thing. The white ugly thing kicks you!
The white ugly thing freezes you. You resist.
The cyan ugly thing headbutts you! The cyan ugly thing shocks you!
The cyan ugly thing headbutts you but does no damage.
You slash the white ugly thing! You burn the white ugly thing.
You headbutt the white ugly thing.
The white ugly thing is moderately wounded.
You block the white ugly thing's attack.
You block the cyan ugly thing's attack.
The cyan ugly thing headbutts you but does no damage.
Unknown command.
You closely miss the white ugly thing. You headbutt the white ugly thing!!
The white ugly thing is severely wounded.
You closely miss the white ugly thing.
Your headbutt misses the white ugly thing.
The white ugly thing is severely wounded.
The white ugly thing kicks you! The white ugly thing freezes you. You resist.
You block the cyan ugly thing's attack. The cyan ugly thing headbutts you.
The cyan ugly thing shocks you!
You slice the white ugly thing!! You burn the white ugly thing!
You kill the white ugly thing!
Okawaru accepts your kill. You block the cyan ugly thing's attack.
The cyan ugly thing headbutts you. The cyan ugly thing shocks you!
* * * LOW HITPOINT WARNING * * *
You have reached level 17!
The cyan ugly thing headbutts you!
* * * LOW HITPOINT WARNING * * *
The cyan ugly thing shocks you!
* * * LOW HITPOINT WARNING * * *
You block the cyan ugly thing's attack.
You see here an ugly thing corpse.
The cyan ugly thing headbutts you.
* * * LOW HITPOINT WARNING * * *
The cyan ugly thing shocks you!
You die...

##.....####.####.#†####.#.#.#
##.......#######...)..#..)...#
#.............##.#...#'#..#..#
#.#.###.###...##..#...#..###.#
#..........#..##...#.#+#..#..#
#.#.#.####..#.##......#......#
#.#....†.##.#.################
#.#.)#..#.#.u########
...#.#.#.#..@u........ ..#
#..#..#.#.u.#.#.... ##.
##......#....#.. # #
####.#.#...#.#..#
................
#.###.#..######## ... .....#
### #...### ####


You could see 3 ugly things.

Vanquished Creatures
  A sphinx (D:15)
  A shadow dragon (D:15)
  An orc warlord (Orc:2)
  The ghost of toph the Severer, a journeyman HOFi of Uskayaw (Lair:6)
  A stone giant (D:15)
  A minotaur (Gauntlet)
  Snorg (Lair:1)
  2 fire dragons
  An ettin (D:14)
  A great orb of eyes (D:15)
  13 boulder beetles
  2 ironbound frosthearts (IceCv)
  16 hydras
  3 ogre magi
  Erolcha (D:9)
  15 centaur warriors
  2 dancing weapons (D:14)
  2 death scarabs (Gauntlet)
  13 two-headed ogres
  2 tengu warriors (D:15)
  12 death yaks
  6 orc high priests
  Urug (D:12)
  2 deep troll earth magi
  Sonja (Lair:3)
  6 skeletal warriors (D:15)
  A glowing orange brain (shapeshifter) (D:14)
  A necromancer (D:15)
  A wizard (D:15)
  11 orc knights
  A wolf spider (D:15)
  An orange crystal statue (D:11)
  2 lindwurms
  20 ugly things
  8 manticores
  6 deep elf pyromancers
  2 orc sorcerers
  14 cyclopes
  13 elephants
  2 ice statues
  2 torpor snails
  Joseph (D:8)
  3 black mambas (Lair:6)
  2 gargoyles
  3 molten gargoyles (Lair:6)
  11 cane toads
  A komodo dragon (shapeshifter) (D:15)
  A yaktaur (D:14)
  An unseen horror (D:10)
  A rime drake (Lair:4)
  14 komodo dragons
  3 efreet
  Psyche (D:9)
  3 freezing wraiths
  A kobold demonologist (D:12)
  2 ice devils (Orc:1)
  A queen bee (shapeshifter) (D:15)
  4 trolls
  2 tengu conjurers (D:15)
  A meliai (D:14)
  Prince Ribbit (D:5)
  A spectral lindwurm (Gauntlet)
  12 polar bears
  22 blink frogs
  4 slime creatures
  Grinder (D:3)
  5 dream sheep (Lair:4)
  Sigmund (D:3)
  A jumping spider (shapeshifter) (D:14)
  A jumping spider (D:15)
  A wraith (D:10)
  A shadow (D:11)
  A water elemental (D:11)
  2 centaur simulacra (Gauntlet)
  12 wyverns
  A spectral komodo dragon (Gauntlet)
  A basilisk (shapeshifter) (D:15)
  64 yaks
  2 vampire mosquitoes (D:14)
  4 steam dragons
  Grum (D:9)
  14 basilisks
  2 redbacks (D:15)
  6 wargs
  A naga (Lair:4)
  An acid dragon (D:9)
  A harpy simulacrum (Gauntlet)
  3 hell hounds (Lair:6)
  21 water moccasins
  A meliai simulacrum (D:14)
  39 orc warriors
  3 black bears
  A necrophage (D:4)
  A sky beast (D:8)
  A boggart (D:15)
  4 centaurs
  8 ogres
  17 wolves
  A phantom (D:5)
  Blork the orc (D:5)
  A kobold brigand (D:6)
  15 bullfrogs
  7 scorpions
  9 wights
  A howler monkey (D:7)
  3 electric eels
  3 centaur zombies
  6 lava snakes
  A bullfrog skeleton (D:6)
  A bullfrog zombie (D:6)
  A centaur skeleton (D:5)
  A gnoll shaman (D:8)
  31 orc priests
  7 hell rats (Lair:4)
  Terence (D:3)
  4 iguanas
  19 orc wizards
  2 killer bee zombies
  2 howler monkey zombies
  13 gnolls
  3 adders
  A white imp (D:4)
  An adder skeleton (D:4)
  2 worms
  63 orcs
  7 ball pythons
  9 endoplasms
  7 giant cockroaches
  5 goblins
  3 hobgoblins
  5 jackals
  6 quokkas
  5 bats
  4 frilled lizards
  17 kobolds
  A rat (D:3)
  A bush (D:9)
782 creatures vanquished.

Vanquished Creatures (others)
  2 centaur warriors (D:14)
  A komodo dragon (Lair:6)
  A basilisk (Lair:6)
  A centaur zombie (D:9)
  17 fungi
  28 plants
50 creatures vanquished.

Grand Total: 832 creatures vanquished

Notes
Turn   | Place    | Note
-------+----------+-------------------------------------------
     0 | D:1      | Peloso the Minotaur Fighter began the quest for the Orb.
     0 | D:1      | Reached XP level 1. HP: 19/19 MP: 0/0
   328 | D:1      | Reached XP level 2. HP: 25/27 MP: 1/1
   621 | D:1      | Found a faded altar of an unknown god.
   913 | D:1      | Reached XP level 3. HP: 33/33 MP: 2/2
  1881 | D:2      | Found Kaot's Magic Scroll Shoppe.
  2182 | D:2      | Found the +1 Delatra's gloves {ID++}
  2186 | D:2      | Reached skill level 3 in Long Blades
  2250 | D:2      | Reached skill level 1 in Dodging
  2250 | D:2      | Reached XP level 4. HP: 30/40 MP: 3/3
  2470 | D:3      | Noticed Sigmund
  2496 | D:3      | Killed Sigmund
  2497 | D:3      | Reached skill level 4 in Long Blades
  2497 | D:3      | Reached skill level 5 in Armour
  2497 | D:3      | Reached XP level 5. HP: 22/47 MP: 4/4
  2694 | D:3      | Noticed Terence
  2701 | D:3      | Killed Terence
  2702 | D:3      | Reached XP level 6. HP: 53/53 MP: 5/5
  2821 | D:3      | Noticed Grinder
  2825 | D:3      | Paralysed by Grinder for 5 turns
  2833 | D:3      | Killed Grinder
  2834 | D:3      | Reached skill level 5 in Long Blades
  2944 | D:3      | Reached skill level 5 in Fighting
  3569 | D:4      | Reached skill level 6 in Long Blades
  3569 | D:4      | Reached XP level 7. HP: 50/61 MP: 6/6
  4460 | D:5      | Entered Level 5 of the Dungeon
  4469 | D:5      | Reached skill level 7 in Long Blades
  4490 | D:5      | Reached XP level 8. HP: 64/70 MP: 7/7
  4504 | D:5      | Reached skill level 5 in Shields
  4781 | D:5      | Reached skill level 8 in Long Blades
  5077 | D:5      | Noticed Prince Ribbit
  5098 | D:5      | Killed Prince Ribbit
  5367 | D:5      | Reached skill level 9 in Long Blades
  5379 | D:5      | Noticed Blork the orc
  5391 | D:5      | Killed Blork the orc
  5544 | D:5      | Identified the +2 robe "Guabb" {rPois}
  5789 | D:6      | Reached XP level 9. HP: 74/78 MP: 8/8
  6664 | D:7      | Found Upnom's Distillery.
  6678 | D:7      | Found Evag's Mass Market.
  6789 | D:7      | Reached skill level 10 in Long Blades
  7034 | D:7      | Found a staircase to the Ecumenical Temple.
  7044 | Temple   | Entered the Ecumenical Temple
  7073 | Temple   | Became a worshipper of Warmaster Okawaru
  7857 | D:8      | Reached skill level 10 in Armour
  7930 | D:8      | Reached * piety under Okawaru
  8091 | D:8      | Noticed Joseph
  8094 | D:8      | Noticed a two-headed ogre
  8102 | D:8      | Killed a two-headed ogre
  8103 | D:8      | Reached XP level 10. HP: 72/90 MP: 6/9
  8108 | D:8      | Killed Joseph
  8108 | D:8      | Reached ** piety under Okawaru
  8109 | D:8      | Reached skill level 11 in Long Blades
  8336 | D:8      | Reached *** piety under Okawaru
  8635 | D:8      | Found a white marble altar of Elyvilon.
  8982 | D:9      | Noticed Psyche
  9005 | D:9      | Killed Psyche
  9052 | D:9      | Noticed a two-headed ogre
  9069 | D:9      | Killed a two-headed ogre
  9070 | D:9      | Reached skill level 12 in Long Blades
  9425 | D:9      | Noticed Erolcha
  9435 | D:9      | Killed Erolcha
  9435 | D:9      | Reached **** piety under Okawaru
  9436 | D:9      | Reached XP level 11. HP: 99/99 MP: 7/10
  9604 | D:9      | Noticed Grum
  9612 | D:9      | Killed Grum
  9623 | D:9      | Found a staircase to the Lair.
 10113 | D:10     | Entered Level 10 of the Dungeon
 10231 | D:10     | Received a gift from Okawaru
 10629 | D:10     | Identified the +0 ring mail "Awimn" {Harm rF+ Int+2 SInv}
 10663 | D:11     | Noticed a two-headed ogre
 10672 | D:11     | Killed a two-headed ogre
 10673 | D:11     | Reached skill level 10 in Fighting
 10673 | D:11     | Reached skill level 13 in Long Blades
 10830 | D:11     | Reached ***** piety under Okawaru
 11317 | D:11     | Noticed an orange crystal statue
 11318 | D:11     | Noticed a five-headed hydra
 11900 | D:11     | Found a staircase to the Orcish Mines.
 12316 | Lair:1   | Entered Level 1 of the Lair of Beasts
 12322 | Lair:1   | Reached skill level 1 in Stealth
 12328 | Lair:1   | Received a gift from Okawaru
 12753 | Lair:1   | Found an ornate altar of the Wu Jian Council.
 12876 | Lair:1   | Received a gift from Okawaru
 12877 | Lair:1   | Reached skill level 14 in Long Blades
 13149 | Lair:1   | Reached skill level 1 in Invocations
 13149 | Lair:1   | Reached XP level 12. HP: 76/108 MP: 8/11
 13593 | Lair:1   | Noticed a six-headed hydra
 13600 | Lair:1   | Killed a six-headed hydra
 13632 | Lair:1   | Found a hide-covered altar of Uskayaw.
 13633 | Lair:1   | Noticed a boulder beetle
 13655 | Lair:1   | Killed a boulder beetle
 14032 | Lair:2   | Noticed a death yak
 14032 | Lair:2   | Noticed a death yak
 14033 | Lair:2   | Noticed a death yak
 14035 | Lair:2   | Noticed a death yak
 14059 | Lair:1   | Killed a death yak
 14177 | Lair:2   | Received a gift from Okawaru
 14318 | Lair:2   | Reached skill level 1 in Evocations
 14337 | Lair:2   | Reached skill level 15 in Long Blades
 14570 | Lair:2   | Reached ****** piety under Okawaru
 14987 | Lair:2   | Killed a death yak
 15007 | Lair:2   | Killed a death yak
 15018 | Lair:2   | Killed a death yak
 15582 | Lair:3   | Received a gift from Okawaru
 16114 | Lair:3   | Reached skill level 10 in Shields
 16168 | Lair:3   | Reached XP level 13. HP: 118/118 MP: 13/13
 16174 | Lair:3   | Found a staircase to the Swamp.
 16490 | Lair:3   | Received a gift from Okawaru
 16535 | Lair:3   | Noticed Sonja
 16538 | Lair:3   | Killed Sonja
 16548 | Lair:3   | Noticed Snorg
 16606 | Lair:2   | HP: 5/119 [poisoned by a cane toad]
 17031 | Lair:1   | HP: 5/119 [Snorg (4)]
 17047 | Lair:1   | Killed Snorg
 17675 | D:12     | Reached skill level 15 in Armour
 17719 | D:12     | Found an opulent altar of Gozag.
 17777 | D:12     | Noticed Urug
 17796 | D:12     | Killed Urug
 18196 | D:12     | Identified the +0 leather armour of Makhleb's Reproof
                  | {Contam rCorr Str+4}
 18261 | D:12     | Reached skill level 16 in Long Blades
 18570 | D:12     | Received a gift from Okawaru
 18831 | Orc:1    | Entered Level 1 of the Orcish Mines
 18967 | Orc:1    | Found a frozen archway.
 19310 | IceCv    | Entered an ice cave
 19632 | IceCv    | Found the brooch of Shielding {Spirit SH+8}
 20836 | IceCv    | Reached XP level 14. HP: 86/130 MP: 12/14
 21775 | Orc:2    | Entered Level 2 of the Orcish Mines
 22525 | Orc:2    | Found a staircase to the Elven Halls.
 22587 | Orc:2    | Received a gift from Okawaru
 22587 | Orc:2    | Found the +2 shield of Resistance {rF++ rC++ Will++}
 22976 | Orc:2    | Noticed an orc warlord
 23010 | Orc:2    | Killed an orc warlord
 26086 | Orc:2    | Found Quec's Armour Boutique.
 26086 | Orc:2    | Found Bamehi's Antique Weapon Boutique.
 26108 | Orc:2    | Found Uqogox's Antique Weapon Shop.
 26108 | Orc:2    | Found Syempun's Jewellery Boutique.
 28146 | Lair:4   | Found a gate leading to a gauntlet.
 28155 | Gauntlet | Entered a Gauntlet
 28155 | Gauntlet | Found a transporter.
 28155 | Gauntlet | Found a transporter.
 28159 | Gauntlet | Found a transporter.
 28163 | Gauntlet | Found a transporter.
 28165 | Gauntlet | Found a large runed translucent door.
 28166 | Gauntlet | Found a large runed translucent door.
 28167 | Gauntlet | Found a large runed translucent door.
 28167 | Gauntlet | Found a large runed translucent door.
 28167 | Gauntlet | Found a runed translucent door.
 28167 | Gauntlet | Found a runed translucent door.
 28168 | Gauntlet | Found a large runed translucent door.
 28168 | Gauntlet | Found a large runed translucent door.
 28168 | Gauntlet | Found a large runed translucent door.
 28168 | Gauntlet | Found a large runed translucent door.
 28169 | Gauntlet | Found a large runed translucent door.
 28170 | Gauntlet | Found a large runed translucent door.
 28171 | Gauntlet | Found a large runed translucent door.
 28171 | Gauntlet | Found a large runed translucent door.
 28172 | Gauntlet | Found a large runed translucent door.
 28172 | Gauntlet | Found a large runed translucent door.
 28172 | Gauntlet | Found a large runed translucent door.
 28172 | Gauntlet | Found a large runed translucent door.
 28175 | Gauntlet | Found a runed translucent gate.
 28175 | Gauntlet | Found a runed translucent gate.
 28175 | Gauntlet | Found a runed translucent gate.
 28177 | Gauntlet | Found a transporter.
 28243 | Gauntlet | Found a transporter.
 28264 | Gauntlet | Found a transporter.
 28273 | Gauntlet | Found a transporter.
 28288 | Gauntlet | Found a transporter.
 28303 | Gauntlet | Found a transporter.
 28311 | Gauntlet | Found a transporter.
 28334 | Gauntlet | Found a transporter.
 28394 | Gauntlet | Reached skill level 17 in Long Blades
 28446 | Gauntlet | Identified the +0 helmet "Izoppali" {Str+2}
 28471 | Gauntlet | Identified the ring "Nyces" {Fire MP-9 Int+5 SInv}
 28759 | Gauntlet | Identified the ring of Zar Duywey {Str+4 SInv}
 29216 | Lair:4   | Found a staircase to the Snake Pit.
 29471 | Lair:4   | Reached skill level 15 in Fighting
 29585 | Lair:4   | Reached XP level 15. HP: 141/141 MP: 16/16
 29617 | Lair:4   | Received a gift from Okawaru
 30885 | D:14     | Found a shimmering altar of Xom.
 32183 | Lair:6   | Entered Level 6 of the Lair of Beasts
 32236 | Lair:6   | Found a viscous altar of Jiyva.
 32237 | Lair:6   | Found a staircase to the Slime Pits.
 32358 | Lair:6   | Reached skill level 15 in Shields
 32367 | Lair:6   | Reached skill level 5 in Dodging
 32914 | Lair:6   | Found a large runed translucent door.
 32915 | Lair:6   | Found a large runed translucent door.
 33467 | Lair:6   | Found a large runed translucent door.
 33467 | Lair:6   | Found a large runed translucent door.
 33468 | Lair:6   | Noticed toph's ghost (journeyman HOFi)
 34180 | Lair:6   | Killed toph's ghost
 34786 | D:11     | Identified the +1 scale mail "Suolykhu" {MP+9 Stlth+}
                  | (Okawaru gifted it to you on level 11 of the Dungeon)
 34786 | D:11     | Received a gift from Okawaru
 35417 | D:14     | Found a gate to the Vaults.
 35435 | D:14     | Reached skill level 18 in Long Blades
 35526 | D:14     | Found Somapp's Weapon Emporium.
 35534 | D:14     | Found Ystu Qei's Jewellery Shoppe.
 35543 | D:14     | Bought the ring of Agnosticism {rF+ Str+6 Dex+4 Slay+5} for
                  | 1184 gold pieces
 36284 | D:14     | Found Veazxedgh's Magic Scroll Shop.
 36294 | D:14     | Bought a scroll of acquirement for 520 gold pieces
 36346 | D:14     | Reached XP level 16. HP: 130/151 MP: 17/17
 36374 | D:14     | Identified the +1 scale mail "Jyxtaemo" {rPois} (Okawaru
                  | gifted it to you on level 14 of the Dungeon)
 36374 | D:14     | Received a gift from Okawaru
 37102 | D:15     | Entered Level 15 of the Dungeon
 37488 | D:15     | Found a white marble altar of Elyvilon.
 37488 | D:15     | Found a shadowy altar of Dithmenos.
 37489 | D:15     | Found an opulent altar of Gozag.
 37724 | D:15     | Noticed a shadow dragon
 37756 | D:15     | Killed a shadow dragon
 37756 | D:15     | Identified the +10 scimitar "Buucoucu" {flame, Drain Fly
                  | rF+ rC+ Stlth+} (Okawaru gifted it to you on level 15 of
                  | the Dungeon)
 37756 | D:15     | Received a gift from Okawaru
 38662 | D:15     | Identified the +1 ring mail of Waifuihubba {Drain Regen+
                  | Stlth+} (Okawaru gifted it to you on level 15 of the
                  | Dungeon)
 38662 | D:15     | Received a gift from Okawaru
 38872 | D:15     | Reached skill level 19 in Long Blades
 38913 | D:15     | Noticed a sphinx
 38925 | D:15     | Killed a sphinx
 38933 | D:15     | Identified the amulet of Itujymon {Acrobat Harm Dex+4 SInv}
 38950 | D:15     | Noticed a tengu reaver
 39349 | D:15     | Found a staircase to the Depths.
 39559 | D:15     | Reached XP level 17. HP: 38/163 MP: 18/18
 39560 | D:15     | HP: 8/163 [cyan ugly thing (6)]
 39560 | D:15     | Slain by a cyan ugly thing

Illustrated notes

Levels and vault maps discovered:
D:1:      dpeg_arrival_short_road, layout_basic,
          shapermc_ecumenical_altar_mp_ritualfount,
          corexii_hall_statues_deadend, st_stairs_5, minmay_misc_feat_enclosed,
          minmay_unequal
D:2:      layout_loops_corners, serial_shops, shop_scrolls, nicolae_wormholes
D:3:      layout_basic, serial_rivers, chequers_serial_rivers_micro_a,
          chequers_serial_rivers_micro_a, chequers_serial_rivers_small_b,
          chequers_serial_rivers_room_a, chequers_serial_rivers_small_a,
          chequers_serial_rivers_small_a, uniq_terence, uniq_sigmund,
          uniq_grinder
D:4:      layout_cave_pods, minmay_goblin_kobold_house
D:5:      layout_basic, kennysheep_generic_room_7, uniq_blork_the_orc,
          uniq_prince_ribbit1
D:6:      nicolae_cairo_tiling, layout_basic
D:7:      layout_gridville, minmay_temple_entry_tees, serial_shops,
          nicolae_stop_n_shop_1, minmay_shop_mass, minmay_misc_feat_rugged,
          minmay_misc_feat_tiny
D:8:      layout_cave_pools, marbit_many_paths, uniq_joseph
D:9:      layout_stronghold, lair_entry_dummy, st_stairs_10, roderic_lattice_a,
          nicolae_two_hexagons, minmay_misc_feat_doors,
          kb_lookout_dungeons_type, uniq_psyche, uniq_erolcha, uniq_grum
D:10:     layout_rooms, nicolae_figureground_pulse
D:11:     minmay_separated_statues, layout_basic, orc_0_dummy
D:12:     layout_small_grid, grunt_gozag_breadcrumbs, uniq_urug
D:13:     layout_stronghold, nrook_campfire
D:14:     minmay_expanding_squares, layout_loops_cross, erik_vaults_1,
          kennysheep_cross_bottleneck, serial_shops, nicolae_shop_crystal, shop,
          nicolae_lakefront_shop, hangedman_decor_points, xom_confusion_cloud
D:15:     hangedman_slaughterboxes
Temple:   compressed_dpeg_triangle_lava_temple
Lair:1:   layout_big_grid, nzn_masters_of_martial_movement
Lair:2:   layout_small_grid, beast_lair_carwin_1, grunt_megastairs_3
Lair:3:   layout_long_grid, swamp_mist_pool, lemuel_fruit_tree, uniq_sonja,
          uniq_snorg
Lair:4:   layout_cave_pods, guppyfry_snake_entry_island, special_room
          [special_room_mythical_zoo], gauntlet_entry_generic,
          gammafunk_lair_bear_cave
Lair:5:   layout_loops_ring
Lair:6:   cheibrodos_lair_end_hotspot, layout_long_grid, slime_altar_1,
          ebering_ghost_disaster_area, serial_bayou_shore_b
Orc:1:    layout_diamond_mine, portal_ice_cave_demonic_guard
Orc:2:    st_orc_pillars, layout_caves

Skill      XL: |  1  2  3  4  5  6  7  8  9 10 11 12 13 14 15 16 |
---------------+-------------------------------------------------+-----
Fighting       | 4 5 6 8 9 10 12 13 15 16 17 | 17.7
Armour         | 4 5 6 7 8 10 11 13 14 15 16 17 | 17.9
Shields        | 4 5 6 7 8 10 11 14 16 18 | 18.1
Long Blades    | 3 4 6 7 9 10 12 14 15 16 17 18 19 | 19.1
Dodging        | 1 2 3 4 5 6 |  6.2
Stealth        | 1 2 |  2.3
Invocations    | 1 2 3 |  3.9
Evocations     | 2 3 |  3.2
Throwing       | |  0.6

Action                   |  1- 3 |  4- 6 |  7- 9 | 10-12 | 13-15 | 16-18 || total
-------------------------+-------+-------+-------+-------+-------+-------++-------
Melee: Long sword        |    89 |    91 |   168 |       |       |       ||   348
       Headbutt          |    11 |    10 |    63 |   193 |   539 |   104 ||   920
       Falchion          |       |       |   141 |   734 |  1455 |       ||  2330
       Scimitar          |       |       |       |       |   423 |   355 ||   778
Throw: Throwing net      |       |       |       |       |     1 |       ||     1
Invok: Heroism           |       |       |     1 |    10 |    56 |     2 ||    69
Evoke: Wand              |       |       |       |    11 |    32 |       ||    43
  Use: Scroll            |     3 |       |     4 |     3 |    11 |     5 ||    26
       Potion            |       |       |       |     2 |     4 |       ||     6
Armor: Scale mail        |    56 |    12 |       |       |       |       ||    68
       Chain mail        |       |    43 |   119 |       |   569 |   148 ||   879
       Plate armour      |       |       |    40 |   386 |   110 |       ||   536
Dodge: Dodged            |    48 |    27 |   101 |   195 |   484 |   109 ||   964
Block: Buckler           |    15 |    21 |    73 |   161 |    95 |       ||   365
       Tower shield      |       |       |       |       |   415 |       ||   415
       Kite shield       |       |       |       |       |   759 |   326 ||  1085
